 Dungeon Crawl Stone Soup version 0.29-a0-648-g6b26cc9f40 (webtiles) character file.

Game seed: 265546936998311972

49 Bruhh the Insei (level 3, 0/29 HPs)
             Began as a Demigod Transmuter on June 20, 2022.
             Slain by a gnoll
             ... wielding a +0 flail
              (11 damage)
             ... on level 3 of the Dungeon.
             The game lasted 00:01:54 (2205 turns).

Bruhh the Insei (Demigod Transmuter)                Turns: 2205, Time: 00:01:54

Health: 0/29       AC:  2    Str: 11    XL:     3   Next: 32%
Magic:  7/8        EV: 12    Int: 19    God:
Gold:   102        SH:  0    Dex: 14    Spells: 5/6 levels left

rFire   . . .      SeeInvis .     - Unarmed
rCold   . . .      Faith    .   j - orb {light}
rNeg    . . .      Spirit   .   a - +0 robe
rPois   .          Reflect  .   (no helmet)
rElec   .          Harm     .   (no cloak)
rCorr   .          Rampage  .   (no gloves)
Will    .....                   (no boots)
Stlth   +.........              (no amulet)
HPRegen 0.09/turn               (no ring)
MPRegen 0.11/turn               (no ring)

@: very slightly contaminated, glowing
A: high MP 1, forlorn, divine attributes
a: no special abilities


You were on level 3 of the Dungeon.
You visited 1 branch of the dungeon, and saw 3 of its levels.

You collected 102 gold pieces.

Inventory:

Armour
 a - a +0 robe (worn)
 j - an orb of light (worn)
Scrolls
 d - a scroll of noise {unknown}
 f - a scroll of amnesia {unknown}
 g - a scroll of fear {unknown}
 k - 2 scrolls of teleportation {unknown}
Potions
 b - a potion of lignification
 c - 2 potions of haste {unknown}
 e - a potion of curing {unknown}
 h - a potion of berserk rage {unknown}
 i - a potion of cancellation {unknown}
 l - a potion of might {unknown}


   Skills:
 + Level 1.6 Fighting
 - Level 1.7 Dodging
 + Level 3.1 Unarmed Combat
 + Level 2.2 Spellcasting
 + Level 2.3 Transmutations


You had 5 spell levels left.
You knew the following spells:

 Your Spells              Type           Power      Damage    Failure   Level
a - Beastly Appendage     Tmut           22%        N/A       6%          1

Your spell library contained the following spells:

 Spells                   Type           Power      Damage    Failure   Level
 Wereblood                Tmut           11%        N/A       10%         2
 Spider Form              Tmut/Pois      6%         N/A       30%         3
 Ice Form                 Ice/Tmut       6%         N/A       69%         4
 Cause Fear               Hex            1%         N/A       86%         4
 Dragon Form              Tmut           5%         N/A       100%        7
 Dragon's Call            Summ           1%         N/A       100%        9


Dungeon Overview and Level Annotations

Branches:
Dungeon (3/15)

Shops:
D:3 (


Innate Abilities, Weirdness & Mutations

You have an increased reservoir of magic. (+10% MP)
You shall have no god before yourself.
Your divine heritage dramatically boosts your attributes as you level up.


Message History

You kill the rat!
No target in view!
No target in view!
No target in view!
Found Onkuseov's Antique Weapon Emporium.
Found a stone staircase leading up.
Your transformation is almost over.
A ball python comes into view.
The ball python hisses angrily.
A gnoll comes into view. It is wielding a +0 whip.
The ball python moves out of view.
A gnoll is nearby!
A gnoll is nearby!
A gnoll is nearby!
A gnoll comes into view. It is wielding a +0 flail.
The gnoll shouts! x2
You miscast Beastly Appendage.
You are very lightly contaminated with residual magic.
Nothing appears to happen.
You hit the ball python.
The ball python is moderately wounded.
The ball python bites you. The ball python grabs you.
The ball python constricts you.
You hit the ball python.
You kill the ball python!
A gnoll comes into view. It is wielding a +0 spear.
A gnoll comes into view. It is wielding a +1 whip of venom.
The gnoll shouts! x2
The gnoll hits you with a +0 whip.
You see here a ball python corpse.
You hit the gnoll but do no damage. The gnoll barely misses you.
The gnoll hits you with a +0 flail.
You barely miss the gnoll. You headbutt the gnoll.
The gnoll is moderately wounded.
Your horns disappear.
Your talons disappear.
The gnoll misses you. The gnoll hits you with a +0 whip.
You hit the gnoll.
The gnoll is moderately wounded.
The gnoll hits you with a +0 whip! The gnoll hits you with a +0 flail!
You die...

## .... .# # ...#
.# ###### #.#..#
#.# #.. ...##.#gg#
.####.# ....#..##
#....#.# #....<.#
.# #...# #.gg∩.#
.####..# #.#@..#
...#...## #.#.#.#
##.#.#..### #...# #
#...##...#####..#
##...####........#
...#..########...#
.................#
......#########....
..###.. #..###


You could see 4 gnolls.

Vanquished Creatures
  An adder (D:2)
  2 dart slugs (D:1)
  A bat (D:1)
  2 endoplasms (D:2)
  2 giant cockroaches
  3 goblins
  4 hobgoblins
  7 kobolds
  2 quokkas
  3 ball pythons
  3 frilled lizards (D:2)
  3 rats
33 creatures vanquished.

Notes
Turn   | Place    | Note
-------+----------+-------------------------------------------
     0 | D:1      | Bruhh the Demigod Transmuter began the quest for the Orb.
     0 | D:1      | Reached XP level 1. HP: 15/15 MP: 5/5
   143 | D:1      | Reached skill level 1 in Fighting
   329 | D:1      | Reached XP level 2. HP: 20/23 MP: 5/7
  1082 | D:2      | Found Ukumow's Distillery.
  1143 | D:2      | Reached skill level 3 in Unarmed Combat
  1656 | D:2      | Reached XP level 3. HP: 28/28 MP: 6/8
  2194 | D:3      | Found Onkuseov's Antique Weapon Emporium.
  2205 | D:3      | Slain by a gnoll

Illustrated notes

Levels and vault maps discovered:
D:1:      lemuel_arrival_lava_pool, layout_rooms,
          hellmonk_ecumenical_altar_heavens_door, dreamdust_princess_bridge
D:2:      layout_loops_corners, serial_shops, shop, kennysheep_generic_room_11
D:3:      layout_rooms, minitemple, serial_shops, shop, shop, shop, shop,
          minmay_crystal_water

Skill      XL: |  1  2 |
---------------+-------+-----
Fighting       | 1 |  1.6
Transmutations | 2 |  2.3
Spellcasting   | 2 |  2.2
Unarmed Combat | 3 |  3.1
Dodging        | |  1.7

Action                   || total
-------------------------++-------
Melee: Unarmed           ||    82
       Kick              ||    18
       Headbutt          ||     5
       Punch             ||     1
 Cast: Beastly Appendage ||    32
 Stab: Sleeping          ||     1
Armor: Robe              ||     4
Dodge: Dodged            ||    37

Table legend: (Time is in decaauts)
 A = Elapsed time spent in this place.
 B = Non-inter-level travel time spent in this place.
 C = Inter-level travel time spent in this place.
 D = Time resting spent in this place.
 E = Time spent auto-exploring this place.
 F = Levels seen in this place.
 G = Mean time per level.
                   A        B        C        D        E       F      G
               +--------+--------+--------+--------+--------+-----+--------+
         Total |   2199 |   2137 |     62 |      0 |   1882 |   3 |  733.0 |
       Dungeon |   2199 |   2137 |     62 |      0 |   1882 |   3 |  733.0 |
               +--------+--------+--------+--------+--------+-----+--------+

Top non-repeatable levels by time:
     D:2: 1197 daAuts
     D:1: 883 daAuts
     D:3: 119 daAuts
